| TOP OF THE 1ST |
|
Burlington Royals batting - Pitching for Great Falls Voyagers : LHP Don Stanford
|
|
Pitching: LHP Don Stanford
|
|
|
Batting: RHB Tim Williams
|
0-0: Ball 1-0: Called Strike 1-1: Swinging Strike 1-2: Ball 2-2: Ball 3-2: Strikes out swinging
|
|
Batting: RHB David Rubio
|
0-0: DOUBLE (Line Drive, 89XD, EV 110.0 MPH)
|
|
Batting: RHB Hugo Chavez
|
0-0: Called Strike 0-1: Ball 1-1: Swinging Strike 1-2: Strikes out swinging
|
|
Batting: LHB Jayden Pelayo
|
0-0: Called Strike 0-1: Ball 1-1: Ball 2-1: Ball 3-1: Foul Ball, location: 2F 3-2: Foul Ball, location: 2F 3-2: Base on Balls
|
|
Batting: RHB Masakuni Takeuchi
|
0-0: Ball 1-0: Ball 2-0: Ball Wild Pitch! David Rubio to third Jayden Pelayo to second 3-0: Called Strike 3-1: Foul Ball, location: 2F 3-2: Base on Balls
|
|
Batting: RHB Jason Conner
|
0-0: Ball 1-0: SINGLE (Line Drive, 56, EV 100.0 MPH) David Rubio scores Jayden Pelayo to third Masakuni Takeuchi to second Runner from 3rd tries for Home, SAFE, throw by LF to home
|
|
Batting: RHB Juan Nieves
|
0-0: Ball 1-0: Called Strike 1-1: Ball 2-1: Ball 3-1: Base on Balls Masakuni Takeuchi to third Jason Conner to second
|
|
Batting: RHB Carlos Castillo
|
0-0: Called Strike 0-1: Foul Ball, location: 2F 0-2: Strikes out swinging
|
| Top of the 1st over - 2 runs, 2 hits, 0 errors, 3 left on base; Burlington 2 - Great Falls 0 |
| BOTTOM OF THE 1ST |
|
Great Falls Voyagers batting - Pitching for Burlington Royals : RHP Ryan Robbins
|
|
Pitching: RHP Ryan Robbins
|
|
|
Batting: RHB Andy Cotton
|
0-0: Ball 1-0: Ball 2-0: Ball 3-0: Called Strike 3-1: Base on Balls
|
|
Batting: RHB Russ Cornett
|
0-0: Fly out, F8 (Line Drive, 8LM, EV 91.9 MPH)
|
|
Batting: SHB Rob Haney
|
0-0: Called Strike Andy Cotton steals 2nd base 0-1: Ball 1-1: Ground out U3 (Groundball, 34, EV 107.5 MPH) Andy Cotton to third
|
|
Batting: RHB Mitch Cuadros
|
0-0: Foul Ball, location: 2F 0-1: Ball 1-1: Foul Ball, location: 2F 1-2: Ball 2-2: Fly out, F8 (Flyball, 8RD, EV 96.2 MPH)
|
| Bottom of the 1st over - 0 runs, 0 hits, 0 errors, 1 left on base; Burlington 2 - Great Falls 0 |
| TOP OF THE 2ND |
|
Burlington Royals batting - Pitching for Great Falls Voyagers : LHP Don Stanford
|
|
Batting: SHB Glenn Harrison
|
0-0: Swinging Strike 0-1: Ball 1-1: Ground out 4-3 (Groundball, 4, EV 90.0 MPH)
|
|
Batting: RHB Tim Williams
|
0-0: Hit by Pitch
|
|
Batting: RHB David Rubio
|
0-0: Ball 1-0: Called Strike 1-1: Ball 2-1: Called Strike 2-2: Strikes out swinging
|
|
Batting: RHB Hugo Chavez
|
0-0: Called Strike 0-1: Ball 1-1: Ball 2-1: DOUBLE (Flyball, 8LXD, EV 95.6 MPH) Tim Williams to third Runner from 3rd tries for Home, SAFE, throw by CF to home
|
|
Batting: LHB Jayden Pelayo
|
0-0: Swinging Strike 0-1: Ball Passed Ball! Hugo Chavez to third 1-1: Ball 2-1: Ball 3-1: Base on Balls
|
|
Batting: RHB Masakuni Takeuchi
|
0-0: Ball 1-0: SINGLE (Groundball, 34D, EV 98.1 MPH) Hugo Chavez scores Jayden Pelayo to second Runner from 2nd tries for 3rd, SAFE, throw by RF made to third
|
|
Batting: RHB Jason Conner
|
0-0: Ball 1-0: SINGLE (Line Drive, 4D, EV 97.5 MPH) Jayden Pelayo scores Masakuni Takeuchi to second
|
|
Pitching: LHP Phil Peterson
|
|
|
Batting: RHB Juan Nieves
|
0-0: Foul Ball, location: 2F 0-1: Ball 1-1: Ground out 3-1 (Groundball, 34, EV 85.6 MPH)
|
| Top of the 2nd over - 3 runs, 3 hits, 0 errors, 2 left on base; Burlington 5 - Great Falls 0 |
| BOTTOM OF THE 2ND |
|
Great Falls Voyagers batting - Pitching for Burlington Royals : RHP Ryan Robbins
|
|
Batting: RHB Francisco Marin
|
0-0: Foul Ball, location: 2F 0-1: Ball 1-1: Ball 2-1: Ball 3-1: DOUBLE (Flyball, 7LD, EV 107.5 MPH)
|
|
Batting: RHB David Laureano
|
0-0: Called Strike 0-1: Ball 1-1: Foul Ball, location: 2F 1-2: Ball 2-2: Foul Ball, location: 2F 2-2: Ball 3-2: Foul Ball, location: 2F 3-2: Base on Balls
|
|
Pitching: RHP Chance Griffin
|
|
|
Batting: RHB Enrique Gomez
|
0-0: Foul Ball, location: 2F 0-1: Called Strike 0-2: Ball 1-2: Ball 2-2: Ball Wild Pitch! Francisco Marin to third David Laureano to second 3-2: Strikes out swinging
|
|
Batting: LHB Jose Pereyra
|
0-0: Ball 1-0: Ball 2-0: Called Strike 2-1: Fly out, F8 (Flyball, 89M, EV 83.8 MPH)
|
|
Batting: RHB David Cortez
|
0-0: Called Strike 0-1: Ball 1-1: Foul Ball, location: 2F 1-2: Reached on error, E6 (Groundball, 6, EV 85.0 MPH) Francisco Marin scores David Laureano to third
|
|
Batting: RHB Andy Cotton
|
0-0: Ball 1-0: Called Strike 1-1: Ball 2-1: Ball 3-1: Called Strike 3-2: Base on Balls David Cortez to second
|
|
Batting: RHB Russ Cornett
|
0-0: Called Strike 0-1: Ball 1-1: SINGLE (Flyball, 4MD, EV 92.5 MPH) David Laureano scores David Cortez to third Andy Cotton to second
|
|
Batting: SHB Rob Haney
|
0-0: Ball 1-0: Ball 2-0: Reached on error, E6 (Groundball, 6S, EV 85.6 MPH) David Cortez scores Andy Cotton to third Russ Cornett to second
|
|
Batting: RHB Mitch Cuadros
|
0-0: SINGLE (Groundball, 4MD, EV 98.8 MPH) Andy Cotton scores Russ Cornett to third Rob Haney to second Runner from 3rd tries for Home, throw by CF and OUT! 8-2
|
| Bottom of the 2nd over - 4 runs, 3 hits, 2 errors, 2 left on base; Burlington 5 - Great Falls 4 |
| TOP OF THE 3RD |
|
Burlington Royals batting - Pitching for Great Falls Voyagers : LHP Phil Peterson
|
|
Batting: RHB Carlos Castillo
|
0-0: Ball 1-0: Called Strike 1-1: Swinging Strike 1-2: Strikes out swinging
|
|
Batting: SHB Glenn Harrison
|
0-0: Ball 1-0: Ground out 4-3 (Groundball, 4, EV 82.5 MPH)
|
|
Batting: RHB Tim Williams
|
0-0: Ground out U3 (Groundball, 3, EV 80.6 MPH)
|
| Top of the 3rd over - 0 runs, 0 hits, 0 errors, 0 left on base; Burlington 5 - Great Falls 4 |
| BOTTOM OF THE 3RD |
|
Great Falls Voyagers batting - Pitching for Burlington Royals : RHP Chance Griffin
|
|
Pitching: LHP Ken Milhouse
|
|
|
Batting: RHB Francisco Marin
|
0-0: Ball 1-0: Ball 2-0: Called Strike 2-1: Ball 3-1: Swinging Strike 3-2: Foul Ball, location: 2F 3-2: Foul Ball, location: 2F 3-2: Strikes out looking
|
|
Batting: RHB David Laureano
|
0-0: Called Strike 0-1: Swinging Strike 0-2: SOLO HOME RUN (Flyball, 7D, EV 98.1 MPH), Distance : 378 ft
|
|
Batting: RHB Enrique Gomez
|
0-0: Foul Ball, location: 2F 0-1: Fly out, F7 (Flyball, 78S, EV 95.6 MPH)
|
|
Batting: LHB Jose Pereyra
|
0-0: Ball 1-0: Ball 2-0: Ball 3-0: Called Strike 3-1: Swinging Strike 3-2: Strikes out swinging, 2-3 out at first.
|
| Bottom of the 3rd over - 1 run, 1 hit, 0 errors, 0 left on base; Burlington 5 - Great Falls 5 |
| TOP OF THE 4TH |
|
Burlington Royals batting - Pitching for Great Falls Voyagers : LHP Phil Peterson
|
|
Batting: RHB David Rubio
|
0-0: Reached on error, E6 (Groundball, 6M, EV 99.4 MPH)
|
|
Batting: RHB Hugo Chavez
|
0-0: Called Strike 0-1: Ball 1-1: Foul Ball, location: 2F 1-2: Ball 2-2: Strikes out swinging
|
|
Batting: LHB Jayden Pelayo
|
0-0: Called Strike 0-1: Swinging Strike 0-2: Fly out, F8 (Flyball, 8LXD, EV 91.2 MPH)
|
|
Batting: RHB Masakuni Takeuchi
|
0-0: Swinging Strike 0-1: Called Strike 0-2: Ball 1-2: Foul Ball, location: 2F 1-2: Ball 2-2: Foul Ball, location: 2F 2-2: Strikes out looking
|
| Top of the 4th over - 0 runs, 0 hits, 1 error, 1 left on base; Burlington 5 - Great Falls 5 |
| BOTTOM OF THE 4TH |
|
Great Falls Voyagers batting - Pitching for Burlington Royals : LHP Ken Milhouse
|
|
Batting: RHB David Cortez
|
0-0: Called Strike 0-1: Ball 1-1: Ball 2-1: Foul Ball, location: 2F 2-2: Foul Ball, location: 2F 2-2: Strikes out looking
|
|
Batting: RHB Andy Cotton
|
0-0: Ball 1-0: Foul Ball, location: 2F 1-1: Ball 2-1: Foul Ball, location: 2F 2-2: Strikes out swinging
|
|
Batting: RHB Russ Cornett
|
0-0: Ball 1-0: Ball 2-0: Ball 3-0: Called Strike 3-1: Foul Ball, location: 2F 3-2: Foul Ball, location: 2F 3-2: Foul Ball, location: 2F 3-2: Base on Balls
|
|
Pitching: RHP Jordan Viveros
|
|
|
Batting: SHB Rob Haney
|
0-0: Called Strike 0-1: Swinging Strike 0-2: Strikes out looking
|
| Bottom of the 4th over - 0 runs, 0 hits, 0 errors, 1 left on base; Burlington 5 - Great Falls 5 |
| TOP OF THE 5TH |
|
Burlington Royals batting - Pitching for Great Falls Voyagers : LHP Phil Peterson
|
|
Batting: RHB Jason Conner
|
0-0: DOUBLE (Line Drive, 78D, EV 109.4 MPH)
|
|
Batting: RHB Juan Nieves
|
0-0: Swinging Strike 0-1: Foul Ball, location: 2F 0-2: Ball 1-2: Strikes out looking
|
|
Batting: RHB Carlos Castillo
|
0-0: Ball 1-0: Ball 2-0: Ball 3-0: Called Strike 3-1: Called Strike 3-2: Foul Ball, location: 2F 3-2: Foul Ball, location: 2F 3-2: DOUBLE (Line Drive, 7LM, EV 98.1 MPH) Jason Conner scores
|
|
Batting: SHB Glenn Harrison
|
0-0: Fly out, F9 (Line Drive, 9LS, EV 93.1 MPH)
|
|
Batting: RHB Tim Williams
|
0-0: Ball 1-0: Swinging Strike 1-1: Foul Ball, location: 2F 1-2: Ball 2-2: Foul Ball, location: 2F 2-2: Foul Ball, location: 2F 2-2: Ball 3-2: Foul Ball, location: 2F 3-2: Strikes out swinging
|
| Top of the 5th over - 1 run, 2 hits, 0 errors, 1 left on base; Burlington 6 - Great Falls 5 |
| BOTTOM OF THE 5TH |
|
Great Falls Voyagers batting - Pitching for Burlington Royals : RHP Jordan Viveros
|
|
Batting: RHB Mitch Cuadros
|
0-0: SINGLE (Groundball, 6MD, EV 102.5 MPH)
|
|
Batting: RHB Francisco Marin
|
0-0: Foul Ball, location: 2F 0-1: Called Strike 0-2: Ball 1-2: Strikes out swinging
|
|
Batting: RHB David Laureano
|
0-0: Ball 1-0: Ball 2-0: Called Strike 2-1: Foul Ball, location: 2F 2-2: Strikes out swinging
|
|
Batting: RHB Enrique Gomez
|
0-0: Ball 1-0: Called Strike 1-1: Fielders Choice at 2nd, 6-4 (Groundball, 6, EV 100.0 MPH)
|
| Bottom of the 5th over - 0 runs, 1 hit, 0 errors, 1 left on base; Burlington 6 - Great Falls 5 |
| TOP OF THE 6TH |
|
Burlington Royals batting - Pitching for Great Falls Voyagers : LHP Phil Peterson
|
|
Batting: RHB David Rubio
|
0-0: Ball 1-0: Called Strike 1-1: Called Strike 1-2: Ball 2-2: Strikes out swinging
|
|
Batting: RHB Hugo Chavez
|
0-0: Swinging Strike 0-1: Called Strike 0-2: Ball 1-2: Strikes out swinging
|
|
Batting: LHB Jayden Pelayo
|
0-0: Called Strike 0-1: Swinging Strike 0-2: Foul Ball, location: 2F 0-2: Ball 1-2: Ball 2-2: Ball 3-2: Base on Balls
|
|
Pitching: LHP Yusufu Mustafa
|
|
|
Batting: RHB Masakuni Takeuchi
|
0-0: Called Strike 0-1: Ball 1-1: Ball Wild Pitch! Jayden Pelayo to second 2-1: Fly out, F8 (Flyball, 89M, EV 86.2 MPH)
|
| Top of the 6th over - 0 runs, 0 hits, 0 errors, 1 left on base; Burlington 6 - Great Falls 5 |
| BOTTOM OF THE 6TH |
|
Great Falls Voyagers batting - Pitching for Burlington Royals : RHP Jordan Viveros
|
|
Batting: LHB Jose Pereyra
|
0-0: Foul Ball, location: 2F 0-1: Swinging Strike 0-2: Ball 1-2: Ball 2-2: Ball 3-2: Strikes out swinging
|
|
Batting: RHB David Cortez
|
0-0: Called Strike 0-1: Ball 1-1: Ball 2-1: Called Strike 2-2: Strikes out looking
|
|
Batting: RHB Andy Cotton
|
0-0: Ball 1-0: Foul Ball, location: 2F 1-1: Foul Ball, location: 2F 1-2: Foul Ball, location: 2F 1-2: Ball 2-2: Ball 3-2: Foul Ball, location: 2F 3-2: Hit by Pitch
|
|
Pitching: LHP Brett Reed
|
|
|
Batting: RHB Russ Cornett
|
0-0: Ball Andy Cotton steals 2nd base 1-0: Called Strike 1-1: SINGLE (Groundball, 6MD, EV 99.4 MPH) Andy Cotton to third Runner from 3rd tries for Home, SAFE, throw by CF to home
|
|
Batting: SHB Rob Haney
|
0-0: Foul Ball, location: 2F 0-1: Ball 1-1: Ball 2-1: Ball 3-1: Foul Ball, location: 2F 3-2: Foul Ball, location: 2F 3-2: Foul Ball, location: 2F 3-2: Strikes out swinging
|
| Bottom of the 6th over - 1 run, 1 hit, 0 errors, 1 left on base; Burlington 6 - Great Falls 6 |
| TOP OF THE 7TH |
|
Burlington Royals batting - Pitching for Great Falls Voyagers : LHP Yusufu Mustafa
|
|
Batting: RHB Jason Conner
|
0-0: Ball 1-0: Foul Ball, location: 2F 1-1: Swinging Strike 1-2: Ball 2-2: Strikes out swinging
|
|
Batting: RHB Juan Nieves
|
0-0: Fly out, F6 (Line Drive, 6D, EV 71.9 MPH)
|
|
Batting: RHB Carlos Castillo
|
0-0: Called Strike 0-1: Called Strike 0-2: Strikes out swinging
|
| Top of the 7th over - 0 runs, 0 hits, 0 errors, 0 left on base; Burlington 6 - Great Falls 6 |
| BOTTOM OF THE 7TH |
|
Great Falls Voyagers batting - Pitching for Burlington Royals : LHP Brett Reed
|
|
Batting: RHB Mitch Cuadros
|
0-0: Called Strike 0-1: SINGLE (Groundball, 34D, EV 104.4 MPH)
|
|
Batting: RHB Francisco Marin
|
0-0: DOUBLE (Flyball, 8LXD, EV 102.5 MPH) Mitch Cuadros to third
|
|
Batting: RHB David Laureano
|
0-0: Ball 1-0: Ball 2-0: Ball 3-0: Base on Balls
|
|
Batting: RHB Enrique Gomez
|
0-0: Foul Ball, location: 2F 0-1: Ball 1-1: DOUBLE (Flyball, 8LXD, EV 104.4 MPH) Mitch Cuadros scores Francisco Marin scores David Laureano to third
|
|
Batting: LHB Jose Pereyra
|
0-0: Called Strike 0-1: Ball 1-1: Ball 2-1: Ball 3-1: Foul Ball, location: 2F 3-2: Base on Balls
|
|
Batting: RHB David Cortez
|
0-0: SINGLE (Flyball, 7S, EV 83.8 MPH) David Laureano scores Enrique Gomez to third Jose Pereyra to second
|
|
Batting: RHB Andy Cotton
|
0-0: Ball 1-0: Ball 2-0: Ball 3-0: Called Strike 3-1: Foul Ball, location: 2F 3-2: Foul Ball, location: 2F 3-2: GRAND SLAM HOME RUN (Flyball, 7D, EV 95.0 MPH), Distance : 377 ft
|
|
Pitching: RHP Oscar Cisneros
|
|
|
Batting: RHB Russ Cornett
|
0-0: Ball 1-0: Called Strike 1-1: Foul Ball, location: 2F 1-2: Ball 2-2: Ball 3-2: SINGLE (Groundball, 4MD, EV 99.4 MPH)
|
|
Batting: SHB Rob Haney
|
0-0: Ball Russ Cornett steals 2nd base 1-0: Called Strike 1-1: Ground out 6-3 (Groundball, 6, EV 101.9 MPH)
|
|
Batting: RHB Mitch Cuadros
|
0-0: Called Strike 0-1: Foul Ball, location: 2F 0-2: SINGLE (Line Drive, 7S, EV 85.6 MPH) Russ Cornett to third
|
|
Batting: RHB Francisco Marin
|
0-0: Ball 1-0: Foul Ball, location: 2F 1-1: Fly out, F8 (Line Drive, 8RD, EV 105.6 MPH) Runner from 3rd tags up, SCORES, no throw by CF
|
|
Batting: RHB David Laureano
|
0-0: Called Strike 0-1: Foul Ball, location: 2F 0-2: Ball 1-2: Fielders Choice at 2nd, U6 (Groundball, 6M, EV 90.0 MPH)
|
| Bottom of the 7th over - 8 runs, 7 hits, 0 errors, 1 left on base; Burlington 6 - Great Falls 14 |
| TOP OF THE 8TH |
|
Burlington Royals batting - Pitching for Great Falls Voyagers : LHP Yusufu Mustafa
|
|
Batting: SHB Glenn Harrison
|
0-0: Ball 1-0: Hit by Pitch
|
|
Batting: RHB Tim Williams
|
0-0: Called Strike 0-1: Foul Ball, location: 2F 0-2: Ball 1-2: Ball 2-2: Strikes out swinging
|
|
Batting: RHB David Rubio
|
0-0: Ball 1-0: Called Strike 1-1: Ball 2-1: Foul Ball, location: 2F 2-2: Strikes out looking
|
|
Batting: RHB Hugo Chavez
|
0-0: Called Strike 0-1: 2-RUN HOME RUN (Flyball, 78XD, EV 114.4 MPH), Distance : 444 ft
|
|
Batting: LHB Jayden Pelayo
|
0-0: Foul Ball, location: 2F 0-1: Ball 1-1: Swinging Strike 1-2: Strikes out swinging
|
| Top of the 8th over - 2 runs, 1 hit, 0 errors, 0 left on base; Burlington 8 - Great Falls 14 |
| BOTTOM OF THE 8TH |
|
Great Falls Voyagers batting - Pitching for Burlington Royals : RHP Oscar Cisneros
|
|
Batting: RHB Enrique Gomez
|
0-0: Ball 1-0: Ball 2-0: Ball 3-0: Called Strike 3-1: Foul Ball, location: 2F 3-2: Foul Ball, location: 2F 3-2: Foul Ball, location: 2F 3-2: Foul Ball, location: 2F 3-2: Foul Ball, location: 2F 3-2: Foul Ball, location: 2F 3-2: Foul Ball, location: 2F 3-2: Foul Ball, location: 2F 3-2: Foul Ball, location: 2F 3-2: Base on Balls
|
|
Pitching: RHP Obiniana Gaters
|
|
|
Batting: LHB Jose Pereyra
|
0-0: Ball Enrique Gomez steals 2nd base 1-0: Called Strike 1-1: Ball 2-1: Foul Ball, location: 2F 2-2: Strikes out swinging
|
|
Batting: RHB David Cortez
|
0-0: SINGLE (Line Drive, 3D, EV 101.9 MPH) Enrique Gomez to third Runner from 3rd tries for Home, SAFE, throw by RF to home
|
|
Batting: RHB Andy Cotton
|
0-0: Called Strike 0-1: Foul Ball, location: 2F 0-2: Strikes out swinging
|
|
Batting: RHB Russ Cornett
|
0-0: Foul Ball, location: 2F 0-1: Fly out, F9 (Flyball, 9LM, EV 78.8 MPH)
|
| Bottom of the 8th over - 1 run, 1 hit, 0 errors, 1 left on base; Burlington 8 - Great Falls 15 |
| TOP OF THE 9TH |
|
Burlington Royals batting - Pitching for Great Falls Voyagers : LHP Yusufu Mustafa
|
|
Batting: RHB Masakuni Takeuchi
|
0-0: Called Strike 0-1: Ball 1-1: Foul Ball, location: 2F 1-2: Ball 2-2: Foul Ball, location: 2F 2-2: Ball 3-2: Fly out, F8 (Flyball, 8LD, EV 92.5 MPH)
|
|
Pitching: RHP Xavier Mosley
|
|
|
Batting: RHB Jason Conner
|
0-0: Ball 1-0: Called Strike 1-1: Ground out 6-3 (Groundball, 6, EV 84.4 MPH)
|
|
Batting: RHB Juan Nieves
|
0-0: DOUBLE (Line Drive, 78D, EV 106.2 MPH)
|
|
Batting: RHB Carlos Castillo
|
0-0: Swinging Strike 0-1: Ball 1-1: Ball 2-1: Called Strike 2-2: Ball 3-2: Strikes out swinging
|
| Top of the 9th over - 0 runs, 1 hit, 0 errors, 1 left on base; Burlington 8 - Great Falls 15 |
|